[Event "1st Festival Galdar 2024"]
[Site "?"]
[Date "2024.09.03"]
[Round "2.1"]
[White "Stefansson, Vignir Vatnar"]
[Black "Hernandez Leon, Alberto"]
[Result "1-0"]
[Annotator "TA"]
[ECO "E05"]
[WhiteElo "2531"]
[BlackElo "2233"]
[PlyCount "89"]
[EventDate "2024.09.02"]
[EventType "swiss"]
[SourceTitle "playchess.com"]
[Source "ChessBase"]
[SourceQuality "1"]
[TimeControl "5400+30"]

1. d4 Nf6 2. c4 e6 3. Nf3 d5 4. g3 Be7 5. Bg2 O-O 6. Nc3 dxc4 7. Ne5 c5 8. dxc5 Qc7 9. Nxc4 Bxc5 10. O-O Rd8 11. Qa4 ({Better is} 11. Bf4 $14 Qe7 (11... Bxf2+ 12. Kxf2 e5 13. Nb5 $16) 12. Qc2) 11... Bd7 12. Bf4 Qc8 {[%emt 0:04:54] White has an edge.} 13. Qb3 Bc6 14. e4 b6 15. Rad1 Nbd7 16. Nd6 Bxd6 17. Bxd6 Qb7 18. Qc2 b5 19. Rd4 a5 20. a3 Nb6 21. b3 {[%emt 0:11:48] [#] Prevents Nc4} (21. Rfd1 {with more complications.} Nc4 22. a4 Rxd6 23. axb5 Rxd4 24. Rxd4 Ne5 25. bxc6 Nxc6 26. e5) 21... b4 $1 22. axb4 axb4 23. Ne2 {[%emt 0:01:00][%cal Of1d1] [#]} (23. Na2 {is more complex.} Bxe4 24. Rxe4 Nxe4 25. Bxe4 Rxa2 26. Bxh7+ Kh8 27. Qxa2 Rxd6 28. Qc2) 23... Nxe4 $1 24. Bxe4 Bxe4 25. Rxe4 Rxd6 26. Rxb4 Qd7 27. Nf4 Rc8 28. Qb2 g6 29. Qe5 Nd5 30. Rc4 Rxc4 31. bxc4 Nxf4 32. Qxf4 $11 {[%emt 0:00:03][%mdl 4096] Endgame. KQR-KQR} Rd4 33. Qb8+ Qd8 34. Qb5 Qd7 35. Rb1 Rd1+ 36. Rxd1 Qxd1+ {[%emt 0:00:04] KQ-KQ} 37. Kg2 Qe2 38. Qc6 Kg7 39. c5 e5 $2 (39... Qe5 $11 {and Black is okay.}) 40. Qd5 $18 {[%emt 0:00:50] Strongly threatening c6.} e4 41. c6 Qc2 42. Qe5+ $2 (42. Qd4+ $18 Kh6 43. Qb6) 42... f6 $2 (42... Kg8 $11) 43. Qe7+ {[%emt 0:00:09] White mates.} Kh6 44. Qxf6 e3 45. Qf8+ {[%emt 0:00:15] Weighted Error Value: White=0.17 (very precise) /Black=0.38.  Loses game:     	---       	Black=2      Missed win:     	White=1     	---        Mistake:       	White=1     	---        Inaccurate:     	White=2     	Black=3      OK:         	White=8     	Black=9      Best:        	White=3     	Black=1      Brilliant:      	---       	Black=1} 1-0

[Event "1st Festival Galdar 2024"]
[Site "?"]
[Date "2024.09.03"]
[Round "2.2"]
[White "Mamani Beltran, Deniman"]
[Black "Arizmendi Martinez, Julen Luis"]
[Result "1/2-1/2"]
[Annotator "TA"]
[ECO "C01"]
[WhiteElo "2229"]
[BlackElo "2517"]
[PlyCount "65"]
[EventDate "2024.09.02"]
[EventType "swiss"]
[SourceTitle "playchess.com"]
[Source "ChessBase"]
[SourceQuality "1"]
[TimeControl "5400+30"]

1. e4 e6 2. d4 d5 3. exd5 exd5 4. Nf3 Nf6 5. Bd3 c5 6. O-O c4 7. Re1+ Be7 8. Bf1 O-O 9. b3 cxb3 10. axb3 Nc6 11. Bd3 Bg4 12. c3 Re8 13. Bf4 a6 14. Nbd2 Qd7 15. Qb1 Bd6 16. Ne5 Qc7 (16... Nxe5 {simplifies} 17. Bxe5 Qc7 18. Bxd6 Rxe1+ 19. Qxe1 Qxd6 20. Nf1 g6) 17. Nxg4 Nxg4 (17... Rxe1+ {simplifies} 18. Qxe1 Nxg4 19. Bxd6 Qxd6 20. g3 Nf6) 18. Bxd6 Qxd6 (18... Rxe1+ {simplifies} 19. Qxe1 Qxd6 20. g3 Nf6) 19. Nf3 (19. Rxe8+ {simplifies} Rxe8 20. Nf3 Nf6 21. g3) 19... g6 (19... Rxe1+ {simplifies} 20. Qxe1 Nf6 21. g3 g6) 20. b4 Rxe1+ 21. Qxe1 Nf6 22. b5 Re8 23. Qb1 axb5 24. Qxb5 Re7 25. c4 dxc4 {[%emt 0:03:12] The position is equal.} 26. Qxc4 Rd7 27. Be2 Nxd4 28. Nxd4 Qxd4 29. Qxd4 Rxd4 $11 {[%emt 0:00:11] KRB-KRN} 30. Rb1 Ne4 31. Rxb7 Rd2 32. Kf1 Rc2 {[%emt 0:02:37] [#] Strongly threatening ...Rc1+.} 33. Kg1 $2 {[%emt 0:23:17][%mdl 40960] Weighted Error Value: White=0.04 (flawless) /Black=0.02 (flawless) .  Loses game:     	White=1     	---        Inaccurate:     	White=1     	---        OK:         	White=9     	Black=7      Best:        	White=2     	Black=1     . An unexpected result.} 1/2-1/2

[Event "1st Festival Galdar 2024"]
[Site "?"]
[Date "2024.09.03"]
[Round "2.4"]
[White "Perez Perez, Gabriel"]
[Black "Beerdsen, Thomas"]
[Result "0-1"]
[Annotator "TA"]
[ECO "B11"]
[WhiteElo "2192"]
[BlackElo "2509"]
[PlyCount "70"]
[EventDate "2024.09.02"]
[EventType "swiss"]
[SourceTitle "playchess.com"]
[Source "ChessBase"]
[SourceQuality "1"]
[TimeControl "5400+30"]

1. e4 c6 2. Nf3 d5 3. Nc3 Bg4 4. exd5 cxd5 5. h3 Bxf3 6. Qxf3 e6 7. g3 Nc6 8. Bg2 Bc5 9. O-O {[%emt 0:00:00] The position is equal.} Nge7 10. Ne2 O-O 11. Qb3 Qd7 12. c3 Rab8 13. d4 Bd6 14. a4 Na5 15. Qd1 Rfc8 16. Bf4 Nc4 17. Ra2 a5 18. b3 Nb6 19. Qd3 Bxf4 20. Nxf4 Rc7 21. Rc1 Rbc8 22. Qd2 Qd6 23. Nd3 Nd7 24. Qb2 Nf5 25. Raa1 h6 26. Ne1 h5 27. h4 Nf6 (27... Qe7 {simplifies} 28. Rab1 g5 29. hxg5 Qxg5 30. c4 dxc4 31. Rxc4 h4) 28. Rc2 (28. Nf3 {simplifies} Ne4 29. c4 dxc4 30. bxc4 Qb4 31. Qxb4 axb4 32. Bf1) 28... Ng4 29. Bf3 ({Better is} 29. Bh3 $15) 29... Nxf2 $1 $19 30. Kxf2 {[%emt 0:01:10] [#]} (30. Rxf2 Rxc3 (30... Nxg3 31. Rc1 $11) 31. Rg2) 30... Qxg3+ ({Weaker is} 30... Nxg3 31. Rd1 $11) 31. Ke2 Qh2+ 32. Kd3 Qf4 ({Less strong is} 32... Qxh4 33. Rcc1 $19) 33. Qc1 {[%emt 0:00:16] [#] Repels Qe3+} (33. Ke2 $19 Qh2+ (33... Qxh4 $2 34. Qc1 $19) (33... Qe3+ $2 34. Kd1 $19) 34. Kd3 Rxc3+ (34... Qxh4 $2 35. Rcc1 $19) 35. Qxc3 Rxc3+ 36. Kxc3 Qxh4 37. Rd2) 33... Rxc3+ $3 {[%emt 0:00:10][%mdl 512] Black mates.} 34. Rxc3 Qxd4+ 35. Ke2 Ng3# {[%emt 0:00:04] Weighted Error Value: White=0.54/Black=0.19 (very precise) .  Mistake:       	White=3     	---        Inaccurate:     	White=1     	Black=1      OK:         	White=9     	Black=13     Best:        	---       	Black=1      Strong:       	---       	Black=1      Brilliant:      	---       	Black=1} 0-1

[Event "1st Festival Galdar 2024"]
[Site "?"]
[Date "2024.09.03"]
[Round "2.5"]
[White "Zwirs, Nico"]
[Black "Mai, Alexander Oliver"]
[Result "1-0"]
[Annotator "TA"]
[ECO "C54"]
[WhiteElo "2485"]
[BlackElo "2182"]
[PlyCount "65"]
[EventDate "2024.09.02"]
[EventType "swiss"]
[SourceTitle "playchess.com"]
[Source "ChessBase"]
[SourceQuality "1"]
[TimeControl "5400+30"]

1. e4 e5 2. Nf3 Nc6 3. Bc4 Nf6 4. d3 Bc5 5. O-O a6 6. c3 O-O 7. Re1 Ba7 8. h3 h6 9. Nbd2 d6 10. Bb3 Re8 11. Nf1 Be6 12. Ng3 d5 13. exd5 Bxd5 14. Bc2 Qd7 {[%emt 0:06:38] The position is equal.} 15. Be3 Bxe3 16. Rxe3 Rad8 17. Qe2 Bxf3 18. Qxf3 Nd5 19. Ree1 Re6 20. Ne4 b6 {[%emt 0:02:09] Inhibits Nc5.} 21. Rad1 Rg6 22. Ng3 {[%emt 0:05:12] d4 would now be deadly.} Rg5 $2 {[%emt 0:04:52] This move loses the game for Black.} (22... Rf6 $11 23. Qe4 Re6) 23. h4 $18 Rg4 {[%emt 0:01:44] [#]} 24. d4 $1 Rf4 {[%emt 0:13:35] [#]} (24... e4 25. Rxe4) 25. Qd3 Qg4 $2 (25... Nf6 26. dxe5 (26. Qxa6 exd4 27. Qd3 Qd5 $16) 26... Qxd3 27. Bxd3 (27. Rxd3 Re8 $16) 27... Ne8) 26. dxe5 (26. Qxa6 exd4 27. Qb5 Qd7 $18) 26... Kf8 $2 (26... g6 27. h5 (27. Qxa6 Kg7 $18) 27... Kf8 28. Qxa6 (28. hxg6 Ndb4 $18) 28... gxh5) 27. Bb3 Ndb4 28. Qh7 (28. cxb4 $2 {perishes.} Rxd3 29. Rxd3 Nd4 $19 (29... Qxh4 30. e6 $17) (29... Nxb4 $2 {too greedy.} 30. Rd8+ Ke7 31. Red1 $18) (29... Rxb4 $2 30. e6 $18)) 28... Rxf2 29. Kxf2 {[%emt 0:00:49] White wants to mate with Nf5.} Qf4+ 30. Kg1 {[%emt 0:00:15] Nf5 would kill now.} Rxd1 31. Rxd1 {[%emt 0:01:03] White mates.} Nxe5 32. Qh8+ Ke7 33. Qd8# {[%emt 0:00:04] Weighted Error Value: White=0.46/Black=0.67.  Mistake:       	---       	Black=3      Inaccurate:     	White=1     	Black=2      OK:         	White=8     	Black=4      Brilliant:      	White=1     	---} 1-0

[Event "1st Festival Galdar 2024"]
[Site "?"]
[Date "2024.09.03"]
[Round "2.6"]
[White "Marrero Rodriguez, Jorge"]
[Black "Fromm, Marius"]
[Result "1-0"]
[Annotator "TA"]
[ECO "D07"]
[WhiteElo "2169"]
[BlackElo "2477"]
[PlyCount "81"]
[EventDate "2024.09.02"]
[EventType "swiss"]
[SourceTitle "playchess.com"]
[Source "ChessBase"]
[SourceQuality "1"]
[TimeControl "5400+30"]

1. d4 d5 2. c4 Nc6 3. cxd5 Qxd5 4. e3 e5 5. Nc3 Bb4 6. Bd2 Bxc3 7. Bxc3 exd4 8. Ne2 Nf6 9. Nxd4 O-O 10. Nxc6 Qxc6 11. Rc1 Re8 12. Bd4 {[%emt 0:00:34] White is slightly better.} Qd6 13. Be2 b6 14. Bf3 {[%emt 0:05:59] Inhibits Bb7.} Ne4 15. O-O Bf5 16. Qa4 c5 17. Bc3 Qe7 18. Bxe4 Bxe4 (18... Qxe4 {simplifies} 19. Qxe4 Rxe4 20. b3 Ree8) 19. Rcd1 Qe6 {[%emt 0:06:04] Strongly threatening ...Qg6.} 20. b3 b5 21. Qxb5 Bxg2 $1 22. Kxg2 Qg4+ 23. Kh1 Qf3+ $40 {[%emt 0:00:13][%mdl 128] Black mounts an attack.} 24. Kg1 {[%emt 0:00:06][%cal Ob5d7] Hoping for Qd7!} Qg4+ (24... Re4 $5 25. Rfe1 $8 (25. Qxc5 $2 Rg4#) (25. h3 $2 Qxh3 26. Qd7 Rg4+ $19) 25... Rg4+ 26. Kf1 Rg2 $11) 25. Kh1 Qf3+ 26. Kg1 {[%emt 0:00:06][%cal Ob5d7] Threatens to win with Qd7!} Re4 27. Rfe1 $1 {[%emt 0:00:14][%cal Og1f1] aiming for Kf1!} (27. Qxc5 $2 Rg4#) (27. h3 $2 Qxh3 28. Qd7 Rg4+ $19) 27... h5 $2 (27... Rg4+ $11 {and Black has nothing to worry.} 28. Kf1 Rg2) 28. h3 $4 (28. Qxc5 $18 {and all is fine.} Rg4+ 29. Kf1) 28... Qxh3 $19 29. f4 Rxe3 (29... Re6 $142 {( -> ...Rg6+)} 30. Qf1 (30. Qxc5 $2 Rg6+ $19) 30... Rg6+ 31. Kf2 Qh2+ 32. Kf3 Rg3+ 33. Ke4 Qxa2) 30. Rxe3 Qxe3+ 31. Kg2 Qxc3 {[%emt 0:00:19][%mdl 4096] Endgame. KQR-KQR} 32. Qe2 {[%emt 0:00:05] Prevents Qc2} g6 33. f5 Rf8 ({Inferior is} 33... gxf5 34. Qxh5 Rc8 35. Rd5 $11 (35. Qxf5 $2 Rc6 $19)) 34. Rd6 Kh7 (34... gxf5 $2 {too greedy.} 35. Rd3 Qg7+ 36. Rg3 $18) (34... h4 $19 {is more deadly. ...Qg3+ would now be deadly.} 35. Rd3 Qf6 36. fxg6 fxg6) 35. Qe7 Qb2+ (35... Qg7 $142 $1 36. fxg6+ fxg6) 36. Kh3 Qc3+ (36... Qg7 $142 $1 37. Kh4 a6 (37... gxf5 38. Qg5 $17)) 37. Kg2 $1 $17 {[%emt 0:00:06] [#] Active counter play!} Qg7 38. f6 {[%emt 0:00:09] [#]} Qh6 (38... Qg8 $1 $19 {White must now prevent ...Re8.} 39. Rd7 Kh6) 39. Rd7 (39. Kh3 $17) 39... Qg5+ $19 40. Kh2 Kg8 {[%emt 0:00:15][%mdl 8192] [#]} (40... Qh4+ $19 41. Kg2 Qg4+ 42. Kh2 Qf4+ 43. Kg2 Qb8) 41. Qxf8+ $3 {[%emt 0:00:07][%mdl 512] Weighted Error Value: White=0.33/Black=0.62.  Loses game:     	---       	Black=1      Missed win:     	White=1     	Black=1      Mistake:       	White=1     	Black=5      OK:         	White=8     	Black=13     Best:        	White=2     	Black=2      Strong:       	White=2     	Black=1      Brilliant:      	White=1     	---} 1-0

[Event "1st Festival Galdar 2024"]
[Site "?"]
[Date "2024.09.03"]
[Round "2.7"]
[White "Cuenca Jimenez, Jose Fernando"]
[Black "Moreno Diepa, Diego"]
[Result "1-0"]
[Annotator "TA"]
[ECO "D00"]
[WhiteElo "2466"]
[BlackElo "2168"]
[PlyCount "112"]
[EventDate "2024.09.02"]
[EventType "swiss"]
[SourceTitle "playchess.com"]
[Source "ChessBase"]
[SourceQuality "1"]
[TimeControl "5400+30"]

1. e4 c6 2. Nf3 d5 3. exd5 cxd5 4. Ne5 a6 5. d4 Nf6 6. Bd3 Nc6 7. c3 e6 8. Nd2 Bd6 9. f4 Ne7 10. O-O b5 11. Qf3 Bb7 {[%emt 0:10:57] White is slightly better.} 12. a3 Qb6 13. g4 Nd7 14. Re1 Bxe5 ({Black should try} 14... f6 $14 15. Nxd7 Kxd7) 15. fxe5 $16 Nc6 16. Qf2 a5 ({Black should play} 16... h5) 17. Nf3 h6 {[%emt 0:02:34] Wards off Ng5} 18. Be3 (18. g5 $18) 18... a4 (18... Ba6 $16 19. b4 a4) 19. Rf1 {[%emt 0:06:23][%cal Of3g5] Strongly threatening Ng5!} O-O-O 20. Rae1 Na5 21. h4 Nc4 22. h5 f6 23. Bf4 Rhf8 24. Qh2 fxe5 25. Nxe5 Nf6 26. Nxc4 dxc4 {[%emt 0:01:42] [#]} 27. Rxe6 $3 Qxe6 28. Bf5 Qxf5 29. gxf5 Ne4 $2 (29... Bc6 30. Re1 Ne4) 30. Bb8 $18 Rf7 {[%emt 0:01:15] Prevents Qc7+.} 31. Ba7 {[%emt 0:01:15] Qb8+ would kill now.} Bc6 32. Qb8+ Kd7 33. Qf4 (33. Qb6) 33... Ng5 $2 (33... Re8 {was worth a try.} 34. Bb8 (34. d5 Bxd5 35. Bb6 Kc6 $18) 34... Kc8) 34. Qg4 $2 (34. Qg3 $18) 34... Kc8 $16 35. Bc5 (35. Bb6 $1 $16 Rd5 36. Ba5) 35... Re8 36. Bd6 $1 {[%emt 0:00:00][%cal Od4d5] And now d5! would win.} Re4 37. Rf4 {[%emt 0:00:18] Hoping for Rxe4.} Re1+ 38. Kf2 Rh1 39. f6+ Kb7 40. Ke2 {[%emt 0:00:48] fxg7 would now be deadly.} gxf6 (40... Rh2+ $16 {might work better.} 41. Kd1 gxf6) 41. Qf5 $18 {[%emt 0:00:22] Black must now prevent Rf1.} Rxh5 42. d5 Bd7 (42... Be8 $16 {is tougher.} 43. Rd4 Rh3) 43. Qg6 $1 Rh2+ 44. Ke3 $2 (44. Kd1) 44... Rh3+ {[%emt 0:01:11] [#]} 45. Kd4 $2 (45. Kd2 $1 $16 Rd3+ 46. Kc1 Rxd5 47. Rd4 (47. Rxf6 Rxf6 48. Qxf6 Ne4 $16)) 45... Kb6 {[%emt 0:02:52] [#]} (45... Be8 $1 $11 {remains equal.} 46. Qg8 (46. Rxf6 Rd3+ 47. Ke5 Rd7 $11) 46... Kb6 47. Bc5+ (47. Qxe8 $2 Rd3#) 47... Ka6) 46. Bc5+ $1 $16 {[%emt 0:00:00][%mdl 1024] White has strong compensation.} (46. Rxf6 Rd3+ 47. Ke5 Re3+ 48. Kd4 Rxf6 $17) 46... Kc7 $1 {[%emt 0:00:00] aiming for ...Rd3+.} 47. Bb4 $36 {[%emt 0:00:21][%cal Og6g8][%mdl 2048] Qg8! is the strong threat. White has some pressure. Really sharp!} (47. Rxf6 Rxf6 48. Qxf6 Rh4+ 49. Ke3 Rh3+ 50. Kd4 (50. Ke2 $2 Bg4+ 51. Kf1 Rf3+ $19) 50... Rh4+ 51. Ke3 Rh3+ 52. Kd4 $11 (52. Ke2 $2 Bg4+ 53. Kf1 Rf3+ $19)) 47... Rd3+ $2 (47... Kb7 $14 48. Ba5 (48. Rxf6 Rd3+ 49. Ke5 Re3+ 50. Kd4 Rd3+ 51. Ke5 Re3+ 52. Kd4 Rd3+ $11) (48. Kc5 $2 Be8 $19) 48... Be8) 48. Kc5 $18 {[%emt 0:00:01] Active counter play!} Be8 49. Qg8 ({Don't do} 49. Qxh6 Rxd5+ 50. Kxd5 Rd7+ $18) (49. Rxf6 Rxf6 50. Qxe8 (50. Ba5+ $2 Kd7 $19) 50... Ne6+ 51. Kxb5 Rxd5+ 52. Kxa4 (52. Kxc4 Rdf5 $18) 52... Rdf5 53. Qe7+ Kc6 $18) 49... Rd7 $2 (49... Re7 $18) 50. Ba5+ (50. Qxe8 $2 R7xd5#) 50... Kb7 51. Qxe8 R7xd5+ 52. Kb4 Rd2 53. Qe7+ (53. Rxf6 $2 Rxb2#) 53... Rd7 54. Qe3 (54. Qxf6 $142 R7d6 55. Qg7+ Ka6 56. Qg8) 54... Rxb2+ 55. Kc5 Rbd2 56. Kxb5 (56. Rd4 $142 R2xd4 57. cxd4 h5 58. Qe8 (58. Kxb5 Rd5+ 59. Kxa4 Kc6 $18) 58... Rg7 59. Qc6+ (59. Qxh5 Re7 $18) 59... Ka7 60. Kxb5 Ne6 61. Qxe6) 56... R7d6 {[%emt 0:02:30] Weighted Error Value: White=0.38/Black=0.58.  Loses game:     	---       	Black=2      Missed win:     	White=1     	---        Mistake:       	White=5     	Black=8      Inaccurate:     	White=2     	Black=3      OK:         	White=15    	Black=9      Best:        	White=6     	Black=4      Strong:       	White=2     	Black=1      Brilliant:      	White=1     	---} 1-0

[Event "1st Festival Galdar 2024"]
[Site "?"]
[Date "2024.09.03"]
[Round "2.8"]
[White "Sucikova, Svetlana"]
[Black "Camacho Collados, Marcos"]
[Result "1/2-1/2"]
[Annotator "TA"]
[ECO "E60"]
[WhiteElo "2145"]
[BlackElo "2460"]
[PlyCount "161"]
[EventDate "2024.09.02"]
[EventType "swiss"]
[SourceTitle "playchess.com"]
[Source "ChessBase"]
[SourceQuality "1"]
[TimeControl "5400+30"]

1. Nf3 Nf6 2. g3 g6 3. Bg2 Bg7 4. O-O O-O 5. c4 d6 6. d4 Bf5 7. Nc3 Ne4 8. Nh4 Nxc3 9. bxc3 Bc8 10. e4 {[%emt 0:03:13] E60: King's Indian: Unusual lines and Fianchetto Variation without Nc3.} c5 11. Qd3 Nc6 12. Be3 Qc7 13. f4 Na5 14. Rac1 b6 $146 ({Predecessor:} 14... Be6 15. d5 Bc8 16. Nf3 b6 17. Nd2 Ba6 18. Bf3 Qd7 19. Bd1 Rad8 20. a4 Qe8 {1-0 Batsiashvili,N (2500)-Azimova,K (2054) EU-Cup (Women) 20th 2015 (6.4)}) 15. e5 Bb7 16. exd6 Qxd6 17. Bxb7 Nxb7 18. Qe4 Qc7 19. f5 Qd7 20. dxc5 Nxc5 21. Bxc5 bxc5 22. Rcd1 Qc7 23. fxg6 hxg6 24. Rd3 Rad8 25. Rfd1 Rxd3 26. Qxd3 e6 27. Nf3 Qa5 28. Qc2 Bxc3 29. Rd7 Bf6 30. Qd2 Qa4 31. Kg2 a6 32. h4 Qxc4 33. h5 Rb8 34. Qf2 Qe4 35. hxg6 fxg6 36. Kh3 Qf5+ 37. g4 Qf4 38. Qe2 e5 39. Qd3 e4 $1 40. Qd5+ Kh8 41. Nd2 Qe3+ $2 (41... Be5 $19 42. Rd8+ Kh7 (42... Rxd8 43. Qxd8+ Kh7 44. Qe7+ Bg7 45. Nxe4 $11) 43. Qg8+ Kh6 44. Qf8+ Qxf8 45. Rxf8 Rxf8 46. Nxe4 Rf4 (46... Rf3+ $2 47. Kg2 $19) 47. g5+ Kh5 48. Ng3+ Kxg5 49. Kg2 Rg4 50. Kf3 Rxg3+ (50... Bxg3 51. Ke3 Rd4 52. Kf3 Bf4 53. a4 c4 54. Ke2 c3 55. Kf3 c2 56. Kg2 c1=Q 57. a5 Rd2+ 58. Kh3 Rh2#) 51. Ke4 c4 52. Kxe5 c3 53. Ke6 c2 54. a4 c1=Q (54... c1=B 55. a5 Rd3 56. Ke5 Rd8 57. Ke6 Bb2 58. Kf7 Kf5 59. Ke7 Rd3 60. Kf7 Bf6 61. Kg8 Ke6 62. Kh7 Kf7 63. Kh6 Rh3#) 55. Kf7 Rd3 56. Ke7 Qc7+ 57. Ke6 Qd7+ 58. Ke5 Qf5#) 42. Kg2 $15 Qe2+ 43. Kh3 $1 Qd3+ 44. Qxd3 exd3 45. Rxd3 Rb2 46. Ne4 Be5 (46... Bd4 $5 47. Ra3 c4 48. Rxa6 Re2 $15) 47. g5 Bd4 48. Ra3 Re2 49. Nd6 Re3+ 50. Rxe3 Bxe3 51. Kg4 Kg7 52. Ne8+ $2 (52. a4 $11) 52... Kf7 $19 53. Nc7 a5 54. Nd5 Bd2 55. Nb6 Ke6 56. Nc4 Bc3 (56... Bb4 $142 {Threatens to win with ...Kd5.} 57. Kf3 Kd5 58. Nb6+ Kd4) 57. Kf3 Kd5 58. Nb6+ Kd4 59. Nd7 c4 60. Nf8 Bb2 61. Nxg6 c3 62. Nf4 c2 63. g6 Kc4 (63... c1=R 64. Ne2+ Ke5 65. Nxc1 $11) 64. Ne2 Kd3 (64... c1=B 65. Nxc1 Bg7 66. Ke3 $11) 65. Nc1+ {[%emt 0:01:14] [#]} Kc4 $2 {[%emt 0:03:06] [#]} (65... Kd2 $1 $19 66. Ne2 c1=Q (66... c1=B $2 67. Nf4 $19) 67. Nxc1 Kxc1 68. a4 Kc2 69. Ke4 Kb3 70. Kd5 Kb4 (70... Kxa4 71. Kc4 Bh8 72. Kd5 Kb3 73. Ke6 a4 74. Kf7 a3 75. Kg8 Be5 76. Kf8 a2 77. g7 Bxg7+ 78. Kxg7 a1=Q+ 79. Kg6 Qe5 80. Kf7 Kc4 81. Kg6 Kd5 82. Kf7 Qg5 83. Ke8 Ke6 84. Kf8 Qg4 85. Ke8 Qg8#) 71. Kd6 Kxa4 72. Ke7 Kb3 73. Kf8 a4 74. g7 Bxg7+ 75. Kxg7 Kc4 76. Kh6 a3 77. Kh7 Kd5 78. Kh6 a2 79. Kg5 Ke4 (79... a1=B 80. Kh6 $11) 80. Kg6 a1=Q (80... a1=B 81. Kh7 $11) 81. Kf7 Kf5 82. Ke7 Qd1 83. Kf8 Kf6 84. Ke8 Qd5 85. Kf8 Qf7#) 66. Ke4 $2 (66. Ke2 $1 $11) 66... Bg7 $19 (66... Bxc1 67. g7 Bh6 68. g8=Q+ (68. g8=R $2 {is the wrong capture.} c1=Q $19) 68... Kc5 69. Qc8+ (69. Qd5+ Kb6 70. Qd6+ Kb5 71. Qxh6 Kc5 72. Qh2 Kc6 73. Qxc2+ Kd6) 69... Kd6 70. Qa6+ (70. Qxc2 Bg7 71. Qd3+ Ke7 72. Kf5 a4 73. Qd5 Bc3 74. Qe6+ Kd8) 70... Kc5 71. Qxh6) 67. a4 Kc3 68. Kd5 Kb2 $2 (68... Bh6 $19 69. Ne2+ Kd3 70. Nc1+ Bxc1) 69. Nd3+ Kb3 70. Nc1+ Kxa4 71. Kc4 Ka3 72. Nd3 a4 73. Nc1 Bf6 74. Nd3 Bg7 75. Nc1 Bh6 ({Better is} 75... Be5 $17) 76. Nd3 $11 Bg7 (76... Ka2 $11) 77. Nc1 $17 Bh8 78. Nd3 Bg7 79. Nc1 Bh8 80. Nd3 $1 Bf6 81. Nc1 1/2-1/2

[Event "1st Festival Galdar 2024"]
[Site "?"]
[Date "2024.09.03"]
[Round "2.9"]
[White "Lopez Martinez, Josep Manuel"]
[Black "Hernandez Leon, Sergio"]
[Result "1-0"]
[Annotator "TA"]
[ECO "A21"]
[WhiteElo "2448"]
[BlackElo "2136"]
[PlyCount "67"]
[EventDate "2024.09.02"]
[EventType "swiss"]
[SourceTitle "playchess.com"]
[Source "ChessBase"]
[SourceQuality "1"]
[TimeControl "5400+30"]

1. c4 e5 2. e3 Nf6 3. Nc3 Bb4 4. Qc2 O-O 5. Nf3 Re8 6. a3 Bxc3 7. bxc3 Nc6 (7... e4 $17 8. Nd4 c5) 8. e4 $11 {[%emt 0:00:33] The position is equal.} d6 9. h3 Nd7 10. Be2 Nc5 11. O-O Qf6 (11... f5 $5 12. exf5 e4 $15) 12. d3 Ne6 13. g3 h6 14. Kh2 Ne7 15. Ng1 g5 16. Bd2 Qg7 17. Bg4 Rf8 18. Ne2 Bd7 19. f4 f6 20. d4 h5 21. Bxh5 {[%emt 0:06:18] aiming for f5.} Qh7 22. Bf3 (22. Bg4 $2 Nxd4 23. cxd4 Bxg4 $17) 22... g4 {[%emt 0:10:59] [#]} 23. Bg2 $1 $18 (23. Bxg4 Nxd4 24. cxd4 Bxg4) 23... gxh3 24. Bf3 Rf7 (24... Rad8 $142 25. Rab1 b6) 25. f5 Ng5 26. Bxg5 fxg5 27. Qd2 Qg7 28. Bg4 {[%emt 0:44:21] Black must now prevent f6.} (28. Kxh3 Nc6 $16) 28... Nc6 29. Rad1 (29. Bxh3 Re8 $14) 29... Qh6 30. Ng1 (30. Bxh3 $2 Rh7 31. Ng1 g4 $17) 30... Re8 31. Rde1 (31. Nxh3 $6 exd4 32. Qxg5+ Qxg5 33. Nxg5 Rg7 $14) 31... Qf6 32. Nf3 {[%emt 0:00:00] Strongly threatening Bh5.} (32. Nxh3 exd4 33. cxd4 (33. Qxg5+ Qxg5 34. Nxg5 Rg7 $14) (33. Nxg5 $2 Rg7 $19) 33... Rh7 $16) 32... Rg7 33. Kxh3 ({Worse is} 33. Bxh3 g4 34. dxe5 Nxe5 35. Nxe5 Qxe5 $11) ({Don't do} 33. c5 dxc5 34. dxc5 Na5 35. Kxh3 (35. Bxh3 Bb5 $16) 35... Bb5 $18) 33... Na5 (33... Rh7+ {was called for.} 34. Kg2 Ree7 35. Qxg5+ (35. Nxg5 Rhg7 $17) 35... Qxg5 36. Nxg5 Rhg7) 34. dxe5 {[%emt 0:00:00] Weighted Error Value: White=0.14 (very precise) /Black=0.33.  Mistake:       	---       	Black=4      Inaccurate:     	White=4     	Black=4      OK:         	White=16    	Black=7      Best:        	---       	Black=1      Strong:       	White=1     	---} 1-0